 Dungeon Crawl Stone Soup version 0.30-a0-364-gf6b3ef1049 (webtiles) character file.

Game seed: 16314697327774719470

93 Devinter the Grave Robber (level 4, -2/33 HPs)
             Began as a Demonspawn Necromancer on Nov 16, 2022.
             Slain by a gnoll
             ... wielding a +0 flail
              (11 damage)
             ... on level 3 of the Dungeon.
             The game lasted 00:09:18 (1226 turns).

Devinter the Grave Robber (Demonspawn Necromancer)  Turns: 1226, Time: 00:09:18

Health: -2/33      AC:  5    Str: 14    XL:     4   Next: 36%
Magic:  0/7        EV:  6    Int: 22    God:
Gold:   10         SH:  0    Dex: 16    Spells: 3/7 levels left

rFire   . . .      SeeInvis .    d - +2 short sword (venom)
rCold   . . .      Faith    .    m - +0 buckler
rNeg    . . .      Spirit   .    a - +0 robe
rPois   .          Reflect  .    (helmet restricted)
rElec   .          Harm     .    (no cloak)
rCorr   .          Rampage  .    (no gloves)
Will    .....                    l - +2 pair of boots
Stlth   ++........               (no amulet)
HPRegen 0.25/turn                c - +6 ring of strength
MPRegen 0.10/turn                o - +6 ring of intelligence

@: held
A: horns 2
a: no special abilities


You were on level 3 of the Dungeon.
You visited 1 branch of the dungeon, and saw 3 of its levels.

You collected 55 gold pieces.
You spent 45 gold pieces at shops.

Inventory:

Hand Weapons
 d - a +2 short sword of venom (weapon)
Missiles
 j - 5 poisoned darts
Armour
 a - a +0 robe (worn)
 l - a +2 pair of boots (worn)
 m - a +0 buckler (worn)
Jewellery
 c - a +6 ring of strength (left hand)
 o - a +6 ring of intelligence (right hand)
Scrolls
 e - a scroll of fear {unknown}
 h - a scroll of immolation {unknown}
 i - 2 scrolls of teleportation {unknown}
 k - a scroll of enchant weapon {unknown}
 q - 2 scrolls of identify {unknown}
Potions
 b - a potion of magic
 f - 2 potions of lignification {unknown}
 g - a potion of berserk rage {unknown}
 n - a potion of ambrosia {unknown}
 p - a potion of haste {unknown}
 r - a potion of resistance {unknown}


   Skills:
 - Level 2.0 Fighting
 - Level 2.0 Dodging
 - Level 2.0 Stealth
 + Level 0.8 Shields
 + Level 2.4 Spellcasting
 + Level 5.2 Necromancy


You had 3 spell levels left.
You knew the following spells:

 Your Spells              Type           Power      Damage    Failure   Level
a - Necrotise             Necr           100%       1d9       1%          1
b - Vampiric Draining     Necr           25%        2d7       6%          3

Your spell library contained the following spells:

 Spells                   Type           Power      Damage    Failure   Level
 Animate Dead             Necr           25%        N/A       21%         4
 Agony                    Necr           25%        N/A       50%         5


Dungeon Overview and Level Annotations

Branches:
Dungeon (3/15)

Altars:
Dithmenos
Okawaru

Shops:
D:2 [**


Innate Abilities, Weirdness & Mutations

You have a pair of horns on your head.


Message History

The gnoll completely misses you. The gnoll attacks as you move away!
The gnoll hits you with a +0 spear.
* * * LOW HITPOINT WARNING * * *
The gnoll hits you from afar with a +0 spear.
* * * LOW HITPOINT WARNING * * *
The goblin hits you but does no damage. The gnoll completely misses you.
The goblin attacks as you move away! The goblin hits you but does no damage.
A kobold comes into view.
It is wielding a +0 club and quivering poisoned darts.
Casting: Necrotise (safe; 1% risk of failure)
Confirm with . or Enter, or press ? or * to list all spells.
Aiming: Necrotise (safe; 1% risk of failure)
Press: ? - help, Shift-Dir - straight line, f - goblin, p - gnoll
Aim: a goblin, wielding a +0 dagger (chance to affect: 93%)
The goblin writhes in agony!
You kill the goblin!
* * * LOW MAGIC WARNING * * *
The dead are walking!
The gnoll closely misses you. The gnoll attacks as you move away!
The gnoll misses you.
Casting: Necrotise (safe; 1% risk of failure)
Confirm with . or Enter, or press ? or * to list all spells.
Aiming: Necrotise (safe; 1% risk of failure)
Press: ? - help, Shift-Dir - straight line, f - gnoll
Aim: a gnoll, wielding a +0 flail and quivering a throwing net (ally target, chance to affect: 88%)
The gnoll writhes in agony.
* * * LOW MAGIC WARNING * * *
Your goblin skeleton hits the gnoll.
The gnoll hits you with a +0 flail.
* * * LOW HITPOINT WARNING * * *
The gnoll barely misses you. The gnoll attacks as you move away!
The gnoll closely misses you.
Your goblin skeleton hits the gnoll but does no damage.
Your magical contamination has completely faded away.
Your goblin skeleton hits the gnoll but does no damage.
The gnoll throws a throwing net.
The throwing net hits you.
You become entangled in the net!
The gnoll hits your goblin skeleton with a +0 spear!
Your goblin skeleton is destroyed!
You see here a throwing net.
You struggle against the net.
You struggle against the net.
The gnoll hits you with a +0 flail!
You die...

#.# .... ..K# #.#
###### #...#
#.###$$$$###...#
##.##......##..#
#...##....##...#
#....#8..8#....#
#....)..l)g....#
####.......###gg..#
....###....# ###@.#
###.# #....# ##.#
###.# ###### .#
....# .. .#### ###
.### ...# ##.# .#


You could see 3 gnolls and a frilled lizard.

Vanquished Creatures
  Natasha (D:3)
  An adder (D:2)
  A gnoll (D:3)
  2 ball pythons (D:2)
  A bat (D:2)
  8 endoplasms
  4 giant cockroaches
  3 hobgoblins
  4 jackals (D:2)
  5 kobolds
  3 quokkas
  A frilled lizard (D:1)
  3 goblins
  4 rats
41 creatures vanquished.

Vanquished Creatures (collateral kills)
  A giant cockroach (D:2)
  A frilled lizard (D:2)
2 creatures vanquished.

Grand Total: 43 creatures vanquished

Notes
Turn   | Place    | Note
-------+----------+-------------------------------------------
     0 | D:1      | Devinter the Demonspawn Necromancer began the quest for the
                  | Orb.
     0 | D:1      | Reached XP level 1. HP: 13/13 MP: 3/3
    62 | D:1      | HP: 1/13 [frozen (1)]
    65 | D:1      | Reached skill level 2 in Stealth
    66 | D:1      | Reached skill level 2 in Dodging
   163 | D:1      | Gained mutation: You have a pair of small horns on your
                  | head. [demonic ancestry]
   163 | D:1      | Reached XP level 2. HP: 19/19 MP: 3/5
   352 | D:1      | Reached skill level 5 in Necromancy
   571 | D:2      | Found Guix Xi Xin's Armour Boutique.
   575 | D:2      | Reached skill level 1 in Fighting
   575 | D:2      | Reached XP level 3. HP: 26/26 MP: 2/6
   652 | D:2      | HP: 1/26 [poisoned by a kobold]
   732 | D:2      | Learned a level 3 spell: Vampiric Draining
   867 | D:2      | Reached skill level 2 in Fighting
   936 | D:2      | Found Kyd Qin's Assorted Antiques.
   950 | D:2      | Bought a sedimented pink potion for 21 gold pieces
   950 | D:2      | Bought a scroll labelled DANEAS TAKEKIO for 24 gold pieces
   968 | D:2      | Found Niacutor's Assorted Antiques.
  1139 | D:3      | Noticed Natasha
  1145 | D:3      | Killed Natasha
  1146 | D:3      | Gained mutation: You have a pair of horns on your head.
                  | [demonic ancestry]
  1146 | D:3      | Reached XP level 4. HP: 18/33 MP: 3/7
  1210 | D:3      | Found an iron altar of Okawaru.
  1213 | D:3      | Found a shadowy altar of Dithmenos.
  1226 | D:3      | Slain by a gnoll

Illustrated notes

Levels and vault maps discovered:
D:1:      lemuel_arrival_behind_the_door_large, layout_rooms, serial_glass,
          glass_columns_b, glass_columns_b, minmay_misc_feat_roman
D:2:      layout_rooms, serial_shops, shop, shop, shop
D:3:      layout_basic, jmf_multi_god_temple, minmay_tree_intersection,
          uniq_robin, uniq_natasha, uniq_sigmund

Skill      XL: |  1  2  3 |
---------------+----------+-----
Stealth        | 2 |  2.0
Dodging        | 2 |  2.0
Necromancy     | 5 |  5.2
Fighting       | 1 2 |  2.0
Shields        | |  0.8
Spellcasting   | |  2.4

Action                   |  1- 3 |  4- 6 || total
-------------------------+-------+-------++-------
Melee: Unarmed           |    24 |       ||    24
       Whip              |    21 |       ||    21
       Punch             |     2 |       ||     2
       Short sword       |    22 |       ||    22
       Headbutt          |     2 |       ||     2
 Cast: Necrotise         |    38 |     7 ||    45
  Use: Potion            |     2 |       ||     2
 Stab: Sleeping          |     2 |       ||     2
Armor: Robe              |    25 |     3 ||    28
Dodge: Dodged            |    44 |     9 ||    53
Block: Buckler           |     1 |     1 ||     2

Table legend: (Time is in decaauts)
 A = Elapsed time spent in this place.
 B = Non-inter-level travel time spent in this place.
 C = Inter-level travel time spent in this place.
 D = Time resting spent in this place.
 E = Time spent auto-exploring this place.
 F = Levels seen in this place.
 G = Mean time per level.
                   A        B        C        D        E       F      G
               +--------+--------+--------+--------+--------+-----+--------+
         Total |   1225 |   1198 |     27 |    244 |    197 |   3 |  408.3 |
       Dungeon |   1225 |   1198 |     27 |    244 |    197 |   3 |  408.3 |
               +--------+--------+--------+--------+--------+-----+--------+

Top non-repeatable levels by time:
     D:1: 563 daAuts
     D:2: 562 daAuts
     D:3: 99 daAuts
